 Dungeon Crawl Stone Soup version 0.31-a0-986-g5e6e4ef867 (webtiles) character file.

Game seed: 8826812015206933416

91 Dittersdorf the Covered (level 4, -4/36 HPs)
             Began as a Human Fighter on Nov 9, 2023.
             Killed by divine providence
             ... invoked by an orc priest
              (12 damage)
             ... on level 4 of the Dungeon.
             The game lasted 00:02:33 (2580 turns).

Dittersdorf the Covered (Human Fighter)             Turns: 2580, Time: 00:02:34

Health: -4/36      AC:  8    Str: 18    XL:     4   Next: 88%
Magic:  4/4        EV:  9    Int:  8    God:
Gold:   73         SH:  5    Dex: 13    Spells: 3/3 levels left

rFire   . . .        a - +0 long sword
rCold   . . .        c - +0 buckler
rNeg    . . .        b - +0 scale mail
rPois   .            (no helmet)
rElec   .            (no cloak)
rCorr   .            g - +0 pair of gloves
SInv    .            (no boots)
Will    .....        (no amulet) Stlth
                     (no ring)
HPRegen 0.26/turn    (no ring)
MPRegen 0.09/turn

%: no passive effects
@: no status effects
A: no striking features
a: no special abilities


You were on level 4 of the Dungeon.
You visited 1 branch of the dungeon, and saw 4 of its levels.

You collected 73 gold pieces.

Inventory:

Hand Weapons
 a - a +0 long sword (weapon)
Missiles
 n - 4 curare-tipped darts (quivered)
Armour
 b - a +0 scale mail (worn)
 c - a +0 buckler (worn)
 g - a +0 pair of gloves (worn)
Wands
 q - a wand of acid (5)
Scrolls
 e - a scroll of vulnerability {unknown}
 f - a scroll of enchant armour {unknown}
 h - a scroll of immolation {unknown}
 i - a scroll of butterflies {unknown}
 j - a scroll of teleportation {unknown}
 m - 2 scrolls of identify {unknown}
Potions
 d - a potion of might
 k - a potion of cancellation {unknown}
 l - a potion of ambrosia {unknown}
 o - a potion of heal wounds {unknown}
 p - a potion of curing {unknown}


   Skills:
 + Level 3.6 Fighting
 + Level 2.9 Long Blades
 + Level 3.6 Armour
 + Level 3.6 Shields


You had 3 spell levels left.
You didn't know any spells.
Your spell library was empty.

Dungeon Overview and Level Annotations

Branches:
Dungeon (4/15)
 Temple: D:4-7

Altars:

Shops:
D:1 (!=!!


Message History

No target in view!
No target in view!
No target in view!
Done exploring.
Done exploring.
What level of the Dungeon? (default 4, ? - help)
There is a stone staircase leading down here.
You climb downwards.
Found a runed robe.
There is a stone staircase leading up here.
An orc priest comes into view. It is wielding a +0 club.
You see here a +0 robe of willpower.
Found a robe.
Found a whip.
The orc priest looks braver for a moment.
An orc priest comes into view. It is wielding a +0 short sword.
Found 13 gold pieces and 2 scrolls labelled NYTERIRPH GELOE.
The orc priest hits you with a +0 club.
You hit the orc priest.
The orc priest is lightly wounded.
The orc priest calls down the wrath of Beogh upon you.
Beogh smites you!
You hit the orc priest.
The orc priest is moderately wounded.
You block the orc priest's attack.
The orc priest casts a cantrip, but nothing happens.
You barely miss the orc priest.
The orc priest is moderately wounded.
You block the orc priest's attack.
You hit the orc priest.
The orc priest is heavily wounded.
The orc priest mumbles some strange prayers to Beogh against you.
Beogh smites you!
You hit the orc priest but do no damage.
The orc priest is heavily wounded.
The orc priest hits you with a +0 club.
* * * LOW HITPOINT WARNING * * *
The orc priest calls down the wrath of Beogh upon you.
Beogh smites you!
You die...

#########
#.......#
#<...[..#
#.......# .
#.......####...$
########@....)..
#oo......
#........
#........
.....#### ....[#
.....# ?.....#


You could see 2 orc priests.

Vanquished Creatures
  3 adders
  2 worms
  A dart slug (D:2)
  4 orcs (D:3)
  2 endoplasms (D:2)
  2 giant cockroaches
  5 goblins
  5 hobgoblins
  10 jackals
  3 quokkas
  4 ball pythons
  5 bats
  3 frilled lizards
49 creatures vanquished.

Notes
Turn   | Place    | Note
-------+----------+-------------------------------------------
     0 | D:1      | Dittersdorf the Human Fighter began the quest for the Orb.
     0 | D:1      | Reached XP level 1. HP: 18/18 MP: 1/1
    71 | D:1      | Found Keypn's Distillery.
   201 | D:1      | Found Xiggil's Distillery.
   213 | D:1      | Found Ifrelaru's Distillery.
   348 | D:1      | Reached XP level 2. HP: 24/24 MP: 2/2
   365 | D:1      | Found Icwat's Jewellery Emporium.
   393 | D:1      | Found Hymomp's Weapon Shop.
   473 | D:1      | Found a faded altar of an unknown god.
   931 | D:2      | Reached XP level 3. HP: 18/29 MP: 3/3
  1425 | D:2      | Identified the +1 robe "Cirot" {Str+5}
  1712 | D:3      | Reached XP level 4. HP: 35/35 MP: 4/4
  2580 | D:4      | Killed from afar by an orc priest

Illustrated notes

Levels and vault maps discovered:
D:1:      minmay_arrival_wavy_path, layout_basic, serial_shops, shop,
          nicolae_diamond_shop, shop, nicolae_shop_tiny_waterfront, shop,
          shapermc_ecumenical_altar_ellora, corexii_leaking_fountain
D:2:      layout_loops_cross, minmay_crystal_water
D:3:      layout_loops_ring, serial_bayou_lagoon_b
D:4:      layout_gridville, lemuel_zombie_altar_yredelemnul, temple_pool_b,
          uniq_pikel, uniq_eustachio

Action                     |  1- 3 |  4- 6 || total
---------------------------+-------+-------++-------
  Melee: Long sword        |   138 |    80 ||   218
 Armour: Scale mail        |   108 |    66 ||   174
  Dodge: Dodged            |    75 |    33 ||   108
  Block: Buckler           |    42 |    12 ||    54

Table legend: (Time is in decaauts)
 A = Elapsed time spent in this place.
 B = Non-inter-level travel time spent in this place.
 C = Inter-level travel time spent in this place.
 D = Time resting spent in this place.
 E = Time spent auto-exploring this place.
 F = Levels seen in this place.
 G = Mean time per level.
                   A        B        C        D        E       F      G
               +--------+--------+--------+--------+--------+-----+--------+
         Total |   2682 |   2584 |     98 |      0 |   2087 |   4 |  670.5 |
       Dungeon |   2682 |   2584 |     98 |      0 |   2087 |   4 |  670.5 |
               +--------+--------+--------+--------+--------+-----+--------+

Top non-repeatable levels by time:
     D:3: 1030 daAuts
     D:1: 894 daAuts
     D:2: 745 daAuts
     D:4: 12 daAuts
